 Dungeon Crawl Stone Soup version 0.18-a0-1225-g5d63bca (webtiles) character file.

5 ololoev the Firebug (level 1, -1/10 HPs)
             Began as a Deep Elf Fire Elementalist on Feb 3, 2016.
             Slain by a kobold
             ... wielding a +0 short sword
              (5 damage)
             ... on level 1 of the Dungeon.
             The game lasted 00:01:12 (140 turns).

ololoev the Firebug (Deep Elf Fire Elementalist)     Turns: 140, Time: 00:01:12

Health: -1/10      AC:  2    Str:  5    XL:     1   Next: 66%
Magic:  5/6        EV: 16    Int: 19    God:
Gold:   47         SH:  0    Dex: 15    Spells: 1 memorised, 5 levels left

rFire  . . .     SeeInvis .     g - +1 dagger (venom)
rCold  . . .     Gourm    .     a - +0 robe
rNeg   . . .     Faith    .     (no shield)
rPois  .         Spirit   .     (no helmet)
rElec  .         Dismiss  .     (no cloak)
rCorr  .         Reflect  .     (no gloves)
SustAt .         Harm     .     (no boots)
MR     .....                    (no amulet)
Stlth  ++........               (no ring)
                                d - +3 ring of evasion

@: not resistant to hostile enchantments, unstealthy
A: no striking features
a: no special abilities

Inventory:

Hand Weapons
 g - a +1 dagger of venom (weapon)
Armour
 a - a +0 robe (worn)
Jewellery
 d - a +3 ring of evasion (left hand)
Potions
 e - a potion of heal wounds {unknown}
Books
 b - a book of Flames

   Spells                             Type                      Level
   a - Flame Tongue                   Conjuration/Fire             1
   b - Throw Flame                    Conjuration/Fire             2
   c - Conjure Flame                  Conjuration/Fire             3
   d - Inner Flame                    Hexes/Fire                   3
   e - Sticky Flame                   Conjuration/Fire             4
   f - Fireball                       Conjuration/Fire             5
Comestibles
 c - a bread ration
 f - a chunk of flesh


   Skills:
 - Level 2.4 Dodging
 - Level 2.4 Stealth
 - Level 3.0 Spellcasting
 + Level 2.0 Conjurations
 - Level 3.2 Fire Magic


You had 5 spell levels left.
You knew the following spells:

 Your Spells              Type           Power        Failure   Level  Hunger
a - Flame Tongue          Conj/Fire      ##...        8%          1    None


You were on level 1 of the Dungeon.
You were not hungry.

You visited 1 branch of the dungeon, and saw 1 of its levels.

You collected 47 gold pieces.

...> .... #. ... .#
#... .. .# #####...#
#.## .# .........#
..# .# ...........#
#K##.# #..........##
#@.#.#
#...........#####?#.#
#.# #......'.......#
#.# #......####.#..#
#.# #......# #.#..#
#.####......# #.#..#
#...†.......# #.#%.#
#.......##### #.#..#
#.#...### #.##>.

Notes
Turn   | Place    | Note
--------------------------------------------------------------
     0 | D:1      | ololoev the Deep Elf Fire Elementalist began the quest for the Orb.
     0 | D:1      | Reached XP level 1. HP: 10/10 MP: 6/6
   140 | D:1      | Slain by a kobold

Dungeon Overview and Level Annotations

Branches:
Dungeon (1/15)

Altars:


Message History

The bat is moderately wounded.
The bat barely misses you.
You hit the bat.
The bat is poisoned.
The bat is severely wounded.
The bat completely misses you.
You miss the giant newt. The bat hits you but does no damage.
The bat misses you. The giant newt misses you.
You closely miss the giant newt. The bat hits you. The giant newt misses you.
You closely miss the giant newt. The bat hits you but does no damage.
The giant newt completely misses you.
You closely miss the giant newt. The bat misses you. The giant newt bites you.
You hit the giant newt.
You kill the giant newt!
The bat misses you.
You kill the bat!
You open the door.
Found a scroll labeled COHI FALEOHENT.
There is an open door here.
A hobgoblin comes into view.
A kobold comes into view. It is wielding a short sword.
The hobgoblin shouts!
The kobold shouts!
The kobold moves out of view.
Found a slice of pizza.
Found a stone staircase leading down.
Casting: Flame Tongue
Confirm with . or Enter, or press ? or * to list all spells.
Aiming: Flame Tongue
Press: ? - help, Shift-Dir - straight line, f - hobgoblin
Aim: a hobgoblin The flame tongue hits the hobgoblin.
You kill the hobgoblin!
Your Conjurations skill increases to level 2!
Things that are here:
a scroll labeled COHI FALEOHENT; a hobgoblin corpse
Things that are here:
a scroll labeled COHI FALEOHENT; a hobgoblin corpse The kobold hits you with a short sword.
Found an escape hatch in the floor.
You barely miss the kobold. The kobold hits you with a short sword.
Ouch! That really hurt!
You die...

You could see a kobold.

Vanquished Creatures
  2 bats (D:1)
  A hobgoblin (D:1)
  A giant newt (D:1)
  A goblin (D:1)
  A rat (D:1)
6 creatures vanquished.

Action                   || total
-------------------------++-------
Melee: Dagger            ||    10
       Unarmed           ||     1
 Cast: Flame Tongue      ||     7

Vault maps used:
D:1:      dpeg_arrival_subterranean_lakeside_camping, minmay_gold_behind_fungi
